 Dungeon Crawl Stone Soup version 0.25.0-9-g26727b657a (webtiles) character file.

Game seed: 5641092810896922191

9415 mopl the Grappler (level 11, 0/95 HPs)
             Began as a Ghoul Wanderer on June 18, 2020.
             Was an Initiate of Ru.
             Slain by a four-headed hydra (4 damage)
             ... on level 11 of the Dungeon.
             The game lasted 00:17:11 (7822 turns).

mopl the Grappler (Ghoul Wanderer)                  Turns: 7822, Time: 00:17:12

Health: 0/95       AC: 15    Str: 16    XL:     11   Next: 46%
Magic:  0/23       EV: 14    Int:  8    God:    Ru [......]
Gold:   313        SH:  0    Dex:  9    Spells: 11/15 levels left

rFire    . . .     SeeInvis +   a - +0 hand crossbow
rCold    + . .     Gourm    .   (no shield)
rNeg     + + +     Faith    .   o - +1 ring mail {MR+}
rPois    ∞         Spirit   +   J - +1 helmet {SInv}
rElec    .         Reflect  .   u - scarf {+Inv}
rCorr    .         Harm     .   H - +2 pair of gloves
MR       +....                  (no boots)
Stlth    ..........             h - amulet of guardian spirit
HPRegen  0.00/turn              t - +4 ring of protection
MPRegen  0.18/turn              N - ring of magical power

@: rotting
A: rotting body, claws 1, carnivore, cold resistance 1, dopey 1, negative energy
resistance 3, inhibited regeneration, torment resistance, unbreathing
a: Renounce Religion, Evoke Invisibility


You were on level 11 of the Dungeon.
You worshipped Ru.
Ru was noncommittal.
You were not hungry.

You visited 1 branch of the dungeon, and saw 11 of its levels.

You collected 470 gold pieces.
You spent 157 gold pieces at shops.

Inventory:

Hand Weapons
 a - a +0 hand crossbow (weapon)
Missiles
 c - 34 bolts (quivered)
 k - 16 poisoned darts
 n - 3 atropa-tipped darts
 r - 11 boomerangs
 K - 4 throwing nets
Armour
 o - a +1 ring mail of magic resistance (worn)
 s - a +0 tower shield
 u - a scarf of invisibility (worn)
 H - a +2 pair of gloves (worn)
 J - a +1 helmet of see invisible (worn)
Jewellery
 g - an uncursed ring of see invisible
 h - an amulet of guardian spirit (around neck)
 t - a +4 ring of protection (left hand)
 N - a ring of magical power (right hand)
Wands
 b - a wand of polymorph (17)
 z - a wand of iceblast (5)
 F - a wand of digging (7)
Scrolls
 d - 5 scrolls of teleportation
 e - 3 scrolls of remove curse
 m - 2 scrolls of fear {unknown}
 q - a scroll of random uselessness {unknown}
 x - 2 scrolls of enchant armour {unknown}
 y - 3 scrolls of enchant weapon {unknown}
 A - 2 scrolls of magic mapping {unknown}
 B - 4 scrolls of blinking
 D - a scroll of silence {unknown}
 E - 3 scrolls of identify
 G - a scroll of summoning {unknown}
 I - 3 scrolls of amnesia {unknown}
 L - a scroll of noise {unknown}
Potions
 i - 3 potions of ambrosia
 j - 2 potions of invisibility
 l - 4 potions of curing
 p - a potion of brilliance
 v - 3 potions of haste
 C - a potion of stabbing
Miscellaneous
 M - a box of beasts
Comestibles
 f - 17 rations
 w - 3 chunks of flesh


   Skills:
 + Level 8.6 Fighting
 - Level 1.7 Crossbows
 + Level 1.5 Armour
 - Level 9.6 Dodging
 + Level 2.2 Shields
 + Level 12.4 Unarmed Combat
 - Level 2.6 Spellcasting
 + Level 1.0 Evocations


You had 11 spell levels left.
You knew the following spells:

 Your Spells              Type           Power        Failure   Level  Hunger
a - Apportation           Tloc           #.....       52%         1    ##.....
b - Magic Dart            Conj           #...         52%         1    ##.....
e - Blink                 Tloc           N/A          67%         2    ###....

Your spell library contained the following spells:

 Spells                   Type           Power        Failure   Level  Hunger
 Animate Skeleton         Necr           N/A          52%         1    ##.....
 Corona                   Hex            #......      52%         1    ##.....
 Foxfire                  Conj/Fire      #...         52%         1    ##.....
 Summon Small Mammal      Summ           #...         52%         1    ##.....
 Call Imp                 Summ           #.......     67%         2    ###....
 Ensorcelled Hibernation  Hex/Ice        #.....       67%         2    ###....
 Searing Ray              Conj           #.....       67%         2    ###....
 Slow                     Hex            #.......     67%         2    ###....
 Call Canine Familiar     Summ           #.......     88%         3    ####...
 Confusing Touch          Hex            #.......     88%         3    ####...
 Conjure Flame            Conj/Fire      #.......     88%         3    ####...
 Dazzling Flash           Conj/Hex       #.....       88%         3    ####...
 Inner Flame              Hex/Fire       #.......     88%         3    ####...
 Mephitic Cloud           Conj/Pois/Air  #.......     88%         3    ####...
 Summon Guardian Golem    Hex/Summ       #.......     88%         3    ####...
 Tukima's Dance           Hex            #.......     88%         3    ####...
 Fulminant Prism          Conj/Hex       #.........   99%         4    #####..
 Iskenderun's Mystic Bla  Conj/Tloc      #.......     99%         4    #####..
 Sticky Flame             Conj/Fire      #.......     99%         4    #####..
 Summon Ice Beast         Ice/Summ       #.......     99%         4    #####..
 Summon Lightning Spire   Summ/Air       #.......     99%         4    #####..
 Fireball                 Conj/Fire      #.........   100%        5    ######.
 Silence                  Hex/Air        #.........   100%        5    ######.
 Conjure Ball Lightning   Conj/Air       #.........   100%        6    #######
 Tornado                  Air            #.........   100%        9    #######


Dungeon Overview and Level Annotations

Branches:
Dungeon (11/15)            Temple (0/1) D:6            Lair (0/6) D:10
    Orc: D:9-12

Altars:
Ashenzari
Hepliaklqana
Makhleb
Okawaru
Ru
Wu Jian
Yredelemnul

Shops:
D:6 [   D:8 [   D:9 [

Annotations:
D:7 3 runed translucent doors, Rayvis's ghost, novice MiFi


Innate Abilities, Weirdness & Mutations

Your body is rotting away.
You thrive on raw meat.
You are immune to poison.
You have sharp fingernails.
You are carnivorous and can eat meat at any time.
Your flesh is cold resistant. (rC+)
You are dopey. (Int -2)
You are immune to negative energy. (rN+++)
You do not regenerate when monsters are visible.
You are immune to unholy pain and torment.
You can survive without breathing.


Message History

The four-headed hydra bites you!
* * * LOW HITPOINT WARNING * * *
The four-headed hydra bites you but does no damage. x2
The four-headed hydra bites you!
* * * LOW HITPOINT WARNING * * *
The four-headed hydra barely misses you.
The four-headed hydra completely misses you.
The four-headed hydra bites you.
* * * LOW HITPOINT WARNING * * *
Unknown command.
Firing (i - inventory. (/) - cycle)
c - 35 bolts (quivered)
Press: ? - help, Shift-Dir - straight line, f/p - four-headed hydra
Aim: a four-headed hydra (severely wounded)
You shoot a bolt. The bolt hits the four-headed hydra.
The four-headed hydra is almost dead.
The four-headed hydra bites you.
* * * LOW HITPOINT WARNING * * *
The four-headed hydra closely misses you.
The four-headed hydra bites you.
You die...

.## #....<# ..# ###'###
..## #### #.÷.# ...##
..# ##.### ....## #.#
#..# .....# ##.##
###.##### .....# #...###
#.......#
##...###.....###.......#
#...)..÷..#(.(D@......#
...#....S..#####.......#
############ #.......#
#########


You could see a four-headed hydra.

Vanquished Creatures
  An unseen horror (D:10)
  Pikel (D:7)
  A cyclops (D:8)
  Joseph (D:8)
  Maggie (D:6)
  4 trolls
  A merfolk (D:9)
  2 hornets
  2 hippogriffs
  Sigmund (D:3)
  5 yaks
  A basilisk (D:10)
  A wyvern (D:11)
  Menkaure (D:4)
  2 orc warriors
  A sky beast (D:10)
  3 ice beasts
  3 phantoms
  4 ogres
  7 centaurs
  A crocodile (D:10)
  A big kobold (D:10)
  2 bullfrogs (D:11)
  4 scorpions
  2 wyvern skeletons
  5 killer bees (D:11)
  7 wights
  2 howler monkeys (D:9)
  3 crimson imps
  4 hounds
  2 jellies
  7 orc priests
  A bullfrog zombie (D:6)
  12 orc wizards
  Crazy Yiuf (D:5)
  2 centaur skeletons
  6 iguanas
  5 worker ants
  2 killer bee zombies
  2 hound zombies
  7 adders
  2 shadow imps
  An ooze (D:2)
  A worm (D:3)
  6 leopard geckos
  25 orcs
  2 bats
  5 giant cockroaches
  8 goblins
  5 hobgoblins
  11 jackals
  4 quokkas
  2 ball pythons
  5 frilled lizards
  14 kobolds
  4 rats
  A fungus (D:5)
217 creatures vanquished.

Vanquished Creatures (others)
  An ogre (D:7)
  A jelly (D:7)
  A leopard gecko (D:4)
  A leopard gecko skeleton (D:4)
4 creatures vanquished.

Grand Total: 221 creatures vanquished

Notes
Turn   | Place    | Note
-------+----------+-------------------------------------------
     0 | D:1      | mopl the Ghoul Wanderer began the quest for the Orb.
     0 | D:1      | mopl set off with the following items: a +0 hand crossbow,
                  | 24 bolts, a scroll of teleportation, a +0 robe, a ration;
                  | and the following spell memorised: Magic Dart; and the
                  | following spells available to memorise: Blink, Call Imp,
                  | Slow, Conjure Flame, Mephitic Cloud
     0 | D:1      | Reached XP level 1. HP: 17/17 MP: 3/3
    77 | D:1      | Reached skill level 1 in Unarmed Combat
   222 | D:1      | Reached XP level 2. HP: 19/24 MP: 4/4
   309 | D:1      | Reached skill level 2 in Unarmed Combat
   843 | D:2      | Found a hazy altar of Hepliaklqana.
   846 | D:2      | Found a basalt altar of Yredelemnul.
   848 | D:2      | Found a sacrificial altar of Ru.
  1184 | D:2      | Found an iron altar of Okawaru.
  1186 | D:2      | Found a shattered altar of Ashenzari.
  1254 | D:2      | Reached XP level 3. HP: 29/29 MP: 6/6
  1311 | D:2      | Reached skill level 3 in Unarmed Combat
  1597 | D:3      | Noticed Sigmund
  1688 | D:3      | Reached skill level 4 in Unarmed Combat
  1688 | D:3      | Reached XP level 4. HP: 19/35 MP: 5/7
  1784 | D:3      | Learned a level 2 spell: Blink
  1980 | D:2      | Became a worshipper of Ru the Awakened
  1997 | D:3      | Reached skill level 5 in Unarmed Combat
  1997 | D:3      | Reached XP level 5. HP: 29/40 MP: 8/8
  2275 | D:3      | Killed Sigmund
  2275 | D:3      | Reached skill level 7 in Unarmed Combat
  2275 | D:3      | Reached XP level 6. HP: 37/48 MP: 6/9
  2437 | D:4      | Reached XP level 7. HP: 30/55 MP: 6/10
  2616 | D:4      | Noticed Menkaure
  2628 | D:4      | Killed Menkaure
  2628 | D:4      | Reached skill level 8 in Unarmed Combat
  2977 | D:5      | Entered Level 5 of the Dungeon
  3016 | D:5      | Reached skill level 9 in Unarmed Combat
  3070 | D:5      | Reached XP level 8. HP: 35/61 MP: 7/11
  3206 | D:5      | Reached skill level 1 in Dodging
  3437 | D:5      | Found a burning altar of Makhleb.
  3483 | D:5      | Reached skill level 10 in Unarmed Combat
  3775 | D:5      | Found a runed translucent door.
  3776 | D:5      | Noticed Crazy Yiuf
  3783 | D:5      | Killed Crazy Yiuf
  3993 | D:6      | Found a staircase to the Ecumenical Temple.
  4017 | D:6      | Reached XP level 9. HP: 37/71 MP: 6/12
  4090 | D:7      | Noticed Pikel
  4102 | D:7      | HP: 3/71 [phantom (1)]
  4115 | D:6      | Found Bedos's Antique Armour Shop.
  4695 | D:6      | Got a warped chain mail
  4706 | D:6      | Identified the +0 chain mail of Aroqiv {rPois Dex+4} (You
                  | found it on level 6 of the Dungeon)
  4818 | D:6      | Reached skill level 5 in Dodging
  4822 | D:6      | Noticed Maggie
  4836 | D:6      | Killed Maggie
  4836 | D:6      | Reached skill level 5 in Fighting
  5162 | D:7      | Found a runed translucent gate.
  5163 | D:7      | Found a runed translucent gate.
  5164 | D:7      | Found a runed translucent gate.
  5200 | D:7      | Killed Pikel
  5217 | D:7      | Reached skill level 11 in Unarmed Combat
  5329 | D:7      | Noticed Rayvis's ghost (novice MiFi)
  5368 | D:7      | Found an ornate altar of the Wu Jian Council.
  5384 | D:7      | Reached XP level 10. HP: 72/83 MP: 13/13
  5674 | D:8      | Noticed a cyclops
  5689 | D:8      | Killed a cyclops
  5767 | D:8      | Noticed Joseph
  5787 | D:8      | Killed Joseph
  6170 | D:8      | Found Joib's Antique Armour Shoppe.
  6178 | D:8      | Bought a glowing helmet for 157 gold pieces
  6396 | D:9      | Found Luithrups's Armour Shoppe.
  6640 | D:9      | Learned a level 1 spell: Apportation
  6979 | D:10     | Entered Level 10 of the Dungeon
  7001 | D:10     | Reached skill level 12 in Unarmed Combat
  7001 | D:10     | Reached XP level 11. HP: 64/93 MP: 10/14
  7011 | D:10     | Noticed an unseen horror
  7026 | D:10     | Killed an unseen horror
  7186 | D:10     | Gained mutation: You are dopey. (Int -2) [Ru sacrifice]
  7244 | D:10     | Found a staircase to the Lair.
  7428 | D:10     | Found a shattered altar of Ashenzari.
  7765 | D:11     | Reached skill level 1 in Evocations
  7774 | D:11     | Noticed a four-headed hydra
  7822 | D:11     | HP: 4/95 [four-headed hydra (2)]
  7822 | D:11     | Slain by a four-headed hydra

Illustrated notes

Levels and vault maps discovered:
D:1:      lightli_iron_boxes, layout_basic, minmay_distorted
D:2:      layout_loops_ring, nicolae_overflow_hidden_temple
D:3:      layout_rooms, first_ration, uniq_sigmund
D:4:      layout_cave_pools, lemuel_flame_loot_1, uniq_menkaure
D:5:      layout_rooms, bloody_makhleb, uniq_crazy_yiuf_cottage
D:6:      layout_basic, minmay_temple_entry_mist, serial_shops, shop,
          uniq_maggie
D:7:      layout_rooms, lemuel_doored_altar, gammafunk_ghost_necromancy,
          uniq_pikel
D:8:      layout_loops_ring, serial_shops, shop, serial_bayou_pond_a,
          uniq_joseph
D:9:      layout_roguey, serial_shops, kennysheep_mini_moat, hangedman_fish_farm
D:10:     layout_big_octagon, david_lair_generic, nicolae_ashenzari_panopticon
D:11:     layout_roguey, nicolae_tso_carved_into_rock

Skill      XL: |  1  2  3  4  5  6  7  8  9 10 11 |
---------------+----------------------------------+-----
Unarmed Combat | 1 2 4 5 7 9 10 11 12 | 12.4
Dodging        | 4 6 8 9 |  9.6
Fighting       | 4 6 7 8 |  8.6
Shields        | 2 |  2.2
Evocations     | 1 |  1.0
Crossbows      | |  1.7
Armour         | |  1.5
Spellcasting   | |  2.6

Action                   |  1- 3 |  4- 6 |  7- 9 | 10-12 || total
-------------------------+-------+-------+-------+-------++-------
Melee: Unarmed           |   171 |   190 |   366 |   435 ||  1162
       Punch             |       |     3 |    15 |    19 ||    37
 Fire: Hand crossbow     |       |       |       |    13 ||    13
Throw: Dart              |       |       |     2 |       ||     2
Invok: Sacrifice Purity  |       |       |       |     1 ||     1
Evoke: Wand              |       |       |       |     1 ||     1
  Use: Scroll            |       |       |     8 |     2 ||    10
  Eat: Chunk             |    11 |    14 |    29 |    46 ||   100
Armor: Robe              |     8 |       |       |       ||     8
       Ring mail         |    60 |    97 |   172 |   191 ||   520
Dodge: Dodged            |   106 |   120 |   231 |   315 ||   772
